 Dungeon Crawl Stone Soup version 0.32-a0-818-gb728d0252e (webtiles) character file.

Game seed: 16074787215781039518

62 AstroCodex24 the Covered (level 3, -2/29 HPs)
             Began as a Vampire Fighter on Mar 23, 2024.
             Slain by an orc
             ... wielding a +0 club
              (5 damage)
             ... on level 4 of the Dungeon.
             The game lasted 00:03:32 (612 turns).

AstroCodex24 the Covered (Vampire Fighter)           Turns: 612, Time: 00:03:32

Health: -2/29      AC:  6    Str: 17    XL:     3   Next: 85%
Magic:  3/3        EV:  8    Int: 10    God:
Gold:   64         SH:  4    Dex: 13    Spells: 2/2 levels left

rFire   . . .        a - +0 war axe
rCold   . . .        c - +0 buckler
rNeg    . . .        b - +0 scale mail
rPois   .            (no helmet)
rElec   .            (no cloak)
rCorr   .            (no gloves)
SInv    +            (no boots)
Will    .....        (no amulet) Stlth
                     (no ring)
HPRegen 0.44/turn    (no ring)
MPRegen 0.08/turn

%: no passive effects
@: healing quickly
A: alive, fangs 3, see invisible, vampiric 2
a: Exsanguinate


You were on level 4 of the Dungeon.
You visited 1 branch of the dungeon, and saw 4 of its levels.

You collected 64 gold pieces.

Inventory:

Hand Weapons
 a - a +0 war axe (weapon)
Armour
 b - a +0 scale mail (worn)
 c - a +0 buckler (worn)
Wands
 i - a wand of flame (14)
Scrolls
 f - a scroll of fear {unknown}
 g - 2 scrolls of identify {unknown}
 h - a scroll of immolation {unknown}
 j - a scroll of amnesia {unknown}
 k - a scroll of teleportation {unknown}
 l - a scroll of revelation {unknown}
Potions
 d - a potion of might
 e - 3 potions of curing {unknown}


   Skills:
 + Level 3.0 Fighting
 + Level 2.4 Axes
 + Level 3.2 Armour
 + Level 0.4 Dodging
 + Level 2.9 Shields


You had 2 spell levels left.
You didn't know any spells.
Your spell library contained the following spells:

 Spells                   Type           Power      Damage    Failure   Level
 Summon Ice Beast         Ice/Summ       0%         N/A       99%         3
 Dispel Undead            Necr           0%         3d6       100%        4
 Borgnjor's Vile Clutch   Necr/Erth      0%         N/A       100%        5
 Curse of Agony           Necr           0%         N/A       100%        5


Dungeon Overview and Level Annotations

Branches:
Dungeon (4/15)
 Temple: D:4-7

Altars:
Trog


Innate Abilities, Weirdness & Mutations

Your natural rate of healing is accelerated.
You have razor-sharp teeth.
You have supernaturally acute eyesight. (SInv)
You are afflicted with vampirism and can become a bat while bloodless.


Message History

The orc hits you but does no damage. The orc wizard barely misses you.
The orc hits you but does no damage.
You hit the orc wizard.
The orc wizard is almost dead.
You hit the orc.
You kill the orc!
The orc wizard barely misses you.
You bump into the rock wall.
The orc wizard hits you but does no damage.
The orc hits you but does no damage.
You bump into the rock wall.
You feel less confused. You block the orc wizard's attack.
The orc hits you but does no damage.
You closely miss the orc wizard. Your bite misses the orc wizard.
The orc wizard is almost dead.
You closely miss the orc.
The orc wizard hits you but does no damage.
The orc hits you but does no damage.
The orc wizard hits you but does no damage.
The orc closely misses you.
You slash the orc wizard!
You kill the orc wizard!
You hit the orc but do no damage. The orc barely misses you.
Your Fighting skill increases to level 3!
The orc hits you with a +0 club.
* * * LOW HITPOINT WARNING * * *
Things that are here:
a +0 dagger; a +0 robe; an orc corpse You barely miss the orc.
The orc barely misses you. The orc hits you with a +0 club.
* * * LOW HITPOINT WARNING * * *
You barely miss the orc. The orc hits you with a +0 club.
* * * LOW HITPOINT WARNING * * *
You hit the orc. Your bite misses the orc.
The orc is heavily wounded.
The orc hits you but does no damage.
You closely miss the orc.
The orc is heavily wounded.
The orc closely misses you. The orc hits you with a +0 club.
You die...

#≈#.....<†......
≈≈≈####.#)#......
....
#...#.#####..
.....
#........##..
####
#..##.##.##..
#.###..##.# ##..
#.........# #..
######..#####.
#.. ##
#@............
### ..
#o########....
#.##.##.# ..#
#...o...# .#
....oo#### .
.####


You could see an orc.

Vanquished Creatures
  An orc wizard (D:4)
  2 ribbon worms
  6 orcs
  2 endoplasms
  A goblin (D:3)
  2 hobgoblins (D:3)
  2 quokkas (D:3)
  3 ball pythons
  A bat (D:3)
  A frilled lizard (D:3)
  4 kobolds
  A rat (D:1)
26 creatures vanquished.

Notes
Turn   | Place    | Note
-------+----------+-------------------------------------------
     0 | D:1      | AstroCodex24 the Vampire Fighter began the quest for the
                  | Orb.
     0 | D:1      | Reached XP level 1. HP: 17/17 MP: 1/1
   124 | D:2      | Reached XP level 2. HP: 14/23 MP: 2/2
   170 | D:3      | Found a faded altar of an unknown god.
   362 | D:3      | Found a bloodstained altar of Trog.
   417 | D:3      | Got the Incunable of Invitation and the Undead
   471 | D:3      | Gained mutation: You are afflicted with vampirism and can
                  | become a bat while bloodless. [Vampire growth]
   471 | D:3      | Reached XP level 3. HP: 15/28 MP: 3/3
   612 | D:4      | Slain by an orc

Illustrated notes

Levels and vault maps discovered:
D:1:      amcnicky_arrival_single_pillar, layout_loops_corners
D:2:      layout_basic, minmay_puff
D:3:      layout_loops_ring, general_overflow_altar, nicolae_ecumenical_pavilion
D:4:      layout_loops_cross, nicolae_overflow_two_pavilions, serial_shops,
          shop, kennysheep_cross_bottleneck

Skill      XL: |  1  2  3 |
---------------+----------+-----
Axes           | 2 |  2.4
Armour         | 3 |  3.2
Fighting       | 3 |  3.0
Dodging        | |  0.4
Shields        | |  2.9

Action                     || total
---------------------------++-------
  Melee: War axe           ||    73
         Bite              ||     3
 Armour: Scale mail        ||    91
  Dodge: Dodged            ||    37
  Block: Buckler           ||    21

Table legend: (Time is in decaauts)
 A = Elapsed time spent in this place.
 B = Non-inter-level travel time spent in this place.
 C = Inter-level travel time spent in this place.
 D = Time resting spent in this place.
 E = Time spent auto-exploring this place.
 F = Levels seen in this place.
 G = Mean time per level.
                   A        B        C        D        E       F      G
               +--------+--------+--------+--------+--------+-----+--------+
         Total |    644 |    640 |      4 |      0 |      0 |   4 |  161.0 |
       Dungeon |    644 |    640 |      4 |      0 |      0 |   4 |  161.0 |
               +--------+--------+--------+--------+--------+-----+--------+

Top non-repeatable levels by time:
     D:3: 342 daAuts
     D:4: 125 daAuts
     D:1: 109 daAuts
     D:2: 67 daAuts
